 Dungeon Crawl Stone Soup version 0.31-a0-977-gc230f8ef24 (webtiles) character file.

Game seed: 841336471715708144

240869 Gormless the End of an Era (level 19, 7/183 HPs)
             Began as a Hill Orc Monk on Oct 29, 2023.
             Was the Champion of Qazlal.
             Quit the game on level 1 of the Vaults.
             The game lasted 00:39:12 (36326 turns).

Gormless the End of an Era (Hill Orc Monk)         Turns: 36326, Time: 00:39:12

Health: 7/183      AC: 27    Str: 22    XL:     19   Next: 34%
Magic:  33/33      EV: 10    Int: 10    God:    Qazlal [******]
Gold:   3642       SH:  0    Dex: 13    Spells: 18/18 levels left

rFire   + . .        N - +9 broad axe (spect)
rCold   . . .        t - +0 tower shield
rNeg    . . .        n - +2 swamp dragon scales
rPois   +            h - +2 helmet
rElec   +            l - -1 cloak "Fodd" {rF+ Will+}
rCorr   .            (no gloves)
SInv    .            F - +2 pair of boots {rampage}
Will    ++...        j - amulet of reflection Stlth
                     U - ring of poison resistance
HPRegen 0.50/turn    c - +4 ring of protection
MPRegen 0.23/turn

%: repel missiles, reflection, rampage
@: confused, mighty, protected from electricity, on berserk cooldown, slowed,
very slow
A: no striking features
}: 2/15 runes: decaying, serpentine
a: Renounce Religion, Upheaval, Elemental Force, Disaster Area


You were on level 1 of the Vaults.
You worshipped Qazlal.
Qazlal was exalted by your worship.
You visited 7 branches of the dungeon, and saw 32 of its levels.
You also visited: Bailey and Gauntlet.

You collected 3642 gold pieces.

Inventory:

Hand Weapons
 N - a +9 spectral broad axe (weapon)
Missiles
 z - 3 throwing nets
Armour
 h - a +2 helmet (worn)
 l - the -1 cloak "Fodd" (worn) {rF+ Will+}
   (You found it in a Gauntlet)

   rF+:       It protects you from fire.
   Will+:     It increases your willpower.
 n - +2 swamp dragon scales (worn)
 t - a +0 tower shield (worn)
 F - a +2 pair of boots of rampaging (worn)
Jewellery
 c - a +4 ring of protection (right hand)
 j - an amulet of reflection (around neck)
 r - a ring of ice
 O - an amulet of guardian spirit
 S - the ring of Wonupoaz {Contam Will+ Int+7}
   (You found it on level 2 of the Lair of Beasts)

   [ring of willpower]

   Int+7:     It affects your intelligence (+7).
   Will+:     It increases your willpower.
   Contam:    It causes magical contamination when unequipped.
 T - a ring of fire
 U - a ring of poison resistance (left hand)
 Y - the ring "Etilearr" {*Slow rC+ MP+9 Int+2 Dex+6}
   (You found it on level 4 of the Snake Pit)

   [ring of dexterity]

   Int+2:     It affects your intelligence (+2).
   Dex+6:     It affects your dexterity (+6).
   rC+:       It protects you from cold.
   MP+9:      It affects your magic capacity (+9).
   *Slow:     It may slow you when you take damage.
Wands
 e - a wand of charming (61)
 p - a wand of flame (150)
 y - a wand of roots (46)
 C - a wand of acid (15)
 H - a wand of digging (16)
 I - a wand of polymorph (13)
 M - a wand of mindburst (32)
Scrolls
 f - 4 scrolls of teleportation
 i - a scroll of poison
 k - 2 scrolls of amnesia
 m - 6 scrolls of enchant armour
 o - 5 scrolls of fog
 u - 5 scrolls of butterflies
 v - 3 scrolls of blinking
 A - a scroll of enchant weapon
 E - 4 scrolls of revelation
 J - 4 scrolls of fear
 K - 5 scrolls of vulnerability
 Q - 2 scrolls of immolation
 W - 3 scrolls of noise
 X - a scroll of brand weapon
Potions
 a - 2 potions of resistance
 b - 5 potions of enlightenment
 d - 5 potions of haste
 g - 6 potions of heal wounds
 q - 3 potions of brilliance
 s - 4 potions of attraction
 w - 4 potions of invisibility
 x - 4 potions of lignification
 B - 7 potions of might
 D - 10 potions of mutation
 G - 6 potions of ambrosia
 L - 3 potions of cancellation
 R - a potion of magic
 V - 7 potions of curing


   Skills:
 + Level 19.4 Fighting
 - Level 18.0 Axes
 + Level 17.6 Armour
 - Level 2.4 Dodging
 + Level 17.5 Shields
 + Level 20.4 Invocations


You had 18 spell levels left.
You didn't know any spells.
Your spell library contained the following spells:

 Spells                   Type           Power      Damage    Failure   Level
 Apportation              Tloc           0%         N/A       73%         1
 Necrotise                Necr           0%         1d4       73%         1
 Sandblast                Erth           0%         2d4       73%         1
 Shock                    Conj/Air       0%         1d3       73%         1
 Slow                     Hex            0%         N/A       73%         1
 Summon Small Mammal      Summ           0%         N/A       73%         1
 Jinxbite                 Hex            0%         N/A       86%         2
 Lesser Beckoning         Tloc           0%         N/A       86%         2
 Passwall                 Tmut/Erth      0%         N/A       86%         2
 Poisonous Vapours        Pois/Air       0%         N/A       86%         2
 Static Discharge         Conj/Air       0%         3-3/arc   86%         2
 Confusing Touch          Hex            0%         N/A       97%         3
 Frozen Ramparts          Ice            0%         1d1       97%         3
 Gell's Gravitas          Tloc           0%         N/A       97%         3
 Mephitic Cloud           Conj/Pois/Air  0%         N/A       97%         3
 Ozocubu's Armour         Ice            0%         N/A       97%         3
 Sigil of Binding         Hex            0%         N/A       97%         3
 Stone Arrow              Conj/Erth      0%         3d7       97%         3
 Swiftness                Air            0%         N/A       97%         3
 Teleport Other           Tloc           0%         N/A       97%         3
 Tukima's Dance           Hex            0%         N/A       97%         3
 Vampiric Draining        Necr           0%         2d6       97%         3
 Animate Armour           Summ/Erth      0%         N/A       100%        4
 Animate Dead             Necr           0%         N/A       100%        4
 Brom's Barrelling Bould  Conj/Erth      0%         2d3       100%        4
 Cause Fear               Hex            0%         N/A       100%        4
 Dimensional Bullseye     Hex/Tloc       0%         N/A       100%        4
 Iskenderun's Mystic Bla  Conj/Tloc      0%         2d3       100%        4
 Manifold Assault         Tloc           0%         N/A       100%        4
 Petrify                  Tmut/Erth      0%         N/A       100%        4
 Vhi's Electric Charge    Tloc/Air       0%         N/A       100%        4
 Alistair's Intoxication  Tmut/Pois      0%         N/A       100%        5
 Arcjolt                  Conj/Air       0%         1d10      100%        5
 Borgnjor's Vile Clutch   Necr/Erth      0%         N/A       100%        5
 Fireball                 Conj/Fire      0%         3d3       100%        5
 Freezing Cloud           Conj/Ice/Air   0%         6-21      100%        5
 Metabolic Englaciation   Hex/Ice        0%         N/A       100%        5
 Summon Forest            Summ/Tloc      0%         N/A       100%        5
 Summon Mana Viper        Hex/Summ       0%         N/A       100%        5
 Death Channel            Necr           0%         N/A       100%        6
 Dispersal                Tloc           0%         N/A       100%        6
 Plasma Beam              Fire/Air       0%         2x1d10    100%        6
 Summon Cactus Giant      Summ           0%         N/A       100%        6
 Haunt                    Necr/Summ      0%         N/A       100%        7
 Ozocubu's Refrigeration  Ice            0%         4d7       100%        7
 Disjunction              Tloc           0%         N/A       100%        8
 Infestation              Necr           0%         N/A       100%        8
 Lehudib's Crystal Spear  Conj/Erth      0%         10d2      100%        8
 Dragon's Call            Summ           0%         N/A       100%        9


Dungeon Overview and Level Annotations

Branches:
Dungeon (15/15)            Temple (1/1) D:5            Lair (5/5) D:8
  Swamp (4/4) Lair:2        Snake (4/4) Lair:3        Slime (0/5) Lair:4
    Orc (2/2) D:12            Elf (0/3) Orc:2        Vaults (1/5) D:13
 Depths (0/4) D:15         Bailey (visited)         Gauntlet (visited)

Altars:
Ashenzari
Cheibriados
Dithmenos
Elyvilon
Fedhas
Gozag
Hepliaklqana
Kikubaaqudgha
Makhleb
Nemelex Xobeh
Okawaru
Qazlal
Ru
Sif Muna
Trog
Uskayaw
Vehumet
Wu Jian
Xom
Yredelemnul
Zin
The Shining One
Beogh
Jiyva

Shops:
D:4 ?   D:7 ?   D:9 =   D:11 ?   D:15 (   Orc:2 *(([   Snake:1 **!(
Snake:2 (?

Annotations:
D:3 Gormless's ghost, amateur FeCK
D:6 3 runed translucent doors, Stellion's ghost, novice HuBr; mandarbmax's ghost, novice TeHu
Vaults:1 Norris


Message History

You slice Norris!!
Norris is severely wounded.
Your +9 spectral broad axe closely misses Norris.
Norris calls down the wrath of his god upon you.
The torrent of water misses you.
The wave splashes down.
You slice Norris!!
Norris is almost dead.
Your +9 spectral broad axe closely misses Norris.
Norris barely misses you.
Norris laughs, "Catch the small wave before chasing the big one."
Norris hits you with a +0 great sword of electrocution!!
You feel protected from electricity.
You are electrocuted!!
Your unstable footing causes you to fumble your attack.
Your +9 spectral broad axe disappears.
Norris calls down the wrath of his god upon you.
The torrent of water hits you!!
The wave splashes down.
Your unstable footing causes you to fumble your attack.
Norris invokes the aid of his god against you.
Something tries to feed on your intellect!
Unknown command.
You're too confused to move!
Norris calls down the wrath of his god upon you.
The torrent of water hits you!!
You are knocked back by the torrent of water.
You slam into the stone wall!
Splash!
The wave splashes down.
Norris hits you with a +0 great sword of electrocution!
Norris hits you with a +0 great sword of electrocution!!
* * * LOW HITPOINT WARNING * * *
Norris hits you with a +0 great sword of electrocution!!
* * * LOW HITPOINT WARNING * * *
You are more confused.
You're too confused to move!
Norris hits you with a +0 great sword of electrocution!
* * * LOW HITPOINT WARNING * * *
You are too confused!
Okay, then.
Are you sure you want to abandon this character and quit the game? (Confirm with "yes".)

#..#.^.....#..##...##..#..
#..#.......#~.#..>..'..#..
#..#...∩...#~.#.....'..#..
#..#.......#@.#'#########'
#..#.†.....#........# #..
#######..#'#######........#
#..
.............°○~.§........##
###
.............°@°.............
......[......~~@.............
#####'#+#####################
.. ... $.. .. .


You could see Norris.

Vanquished Creatures
  A thorn hunter (Swamp:4)
  4 nagarajas
  The ghost of ragingrage the Brawler, a journeyman TrMo of Okawaru (Lair:5)
  3 orc warlords
  Nessos (D:13)
  An ironbound thunderhulk (Vaults:1)
  The ghost of arvidsem the Unseen, a journeyman VSBr of Dithmenos (Orc:2)
  3 eleionomae
  7 bunyips
  A minotaur (Gauntlet)
  An ettin (D:15)
  A shambling mangrove (Swamp:2)
  3 ice dragons (Swamp:4)
  6 salamander tyrants
  9 hydras
  12 alligators
  Harold (Lair:1)
  5 catoblepae
  15 anacondas
  3 centaur warriors
  2 ghost crabs (Swamp:4)
  4 two-headed ogres
  An ironbound frostheart (Vaults:1)
  3 boulder beetles
  A death knight (D:15)
  26 death yaks
  5 tengu warriors (D:15)
  3 orc high priests
  15 naga warriors
  10 shock serpents
  7 naga sharpshooters
  8 skysharks
  A hell knight (D:15)
  A wretched star (Gauntlet)
  Amaemon (Lair:3)
  3 salamander mystics
  7 goliath frogs
  A spriggan druid (Swamp:2)
  A skeletal warrior (D:14)
  3 naga ritualists
  2 swamp dragons
  4 bog bodies
  A glowing orange brain (Vaults:1)
  An ironbound convoker (Vaults:1)
  An arcanist (D:14)
  2 deep elf pyromancers (D:13)
  7 orc knights
  A necromancer (D:15)
  7 lindwurms
  17 mana vipers
  A wolf spider (Lair:2)
  5 ugly things (D:14)
  A moth of wrath (Snake:4)
  3 orc sorcerers (Orc:2)
  4 cyclopes
  2 manticores (Lair:5)
  5 will-o-the-wisps
  A moth of wrath (shapeshifter) (D:13)
  11 guardian serpents
  28 salamanders
  6 elephants
  37 black mambas
  Maurice (D:11)
  13 naga magi
  An orange demon (Lair:3)
  8 cane toads
  2 gargoyles
  3 torpor snails
  An unseen horror (D:11)
  16 komodo dragons
  6 freezing wraiths
  2 rime drakes (Lair:5)
  A tengu conjurer (D:15)
  An efreet (D:13)
  4 meliai
  10 tyrant leeches
  5 trolls
  A meliai (shapeshifter) (D:13)
  A polar bear (shapeshifter) (D:13)
  3 polar bears
  2 queen bees
  7 blink frogs (Lair:1)
  14 hornets
  A hornet (shapeshifter) (D:13)
  2 dream sheep (Lair:1)
  2 tarantellas (Lair:2)
  Sigmund (D:4)
  4 slime creatures
  4 wraiths
  4 wyverns
  A vampire (D:14)
  38 yaks
  13 spriggans
  2 basilisks
  2 neqoxecs (Gauntlet)
  2 swamp worm simulacra (Swamp:4)
  6 steam dragons
  24 vampire mosquitoes
  A large abomination (Gauntlet)
  A redback (Lair:2)
  Edmund (D:5)
  43 nagas
  4 wargs
  15 swamp worms
  4 acid dragons
  15 hydra simulacra (Swamp:4)
  14 water moccasins
  59 orc warriors
  2 swamp drakes (Swamp:1)
  A sky beast (D:6)
  2 black bears
  An ice beast (D:7)
  14 ogres
  8 wolves (Lair:1)
  8 centaurs
  3 kobold brigands
  2 phantoms
  A gnoll sergeant (D:5)
  13 bullfrogs
  A necrophage (D:8)
  5 scorpions
  19 wights
  6 small abominations (Gauntlet)
  13 killer bees
  2 electric eels (Lair:2)
  2 howler monkeys
  A centaur zombie (D:8)
  2 jellies
  3 lava snakes (Lair:2)
  3 hounds
  A human zombie (D:8)
  24 orc priests
  2 gnoll boudas
  6 iguanas
  20 orc wizards
  A sleepcap (D:3)
  7 hell rats
  4 killer bee zombies (D:8)
  A howler monkey zombie (D:8)
  2 mummies (D:8)
  A river rat (D:8)
  6 adders
  13 gnolls
  A white imp (D:7)
  4 swamp drake simulacra (Swamp:4)
  4 ufetubi (D:6)
  2 worms
  5 dart slugs
  109 orcs
  6 ball pythons
  3 bats
  5 endoplasms
  4 giant cockroaches
  10 goblins
  6 hobgoblins
  23 kobolds
  4 quokkas
  4 frilled lizards (D:1)
  6 rats
  4 spectral weapons
1094 creatures vanquished.

Vanquished Creatures (collateral kills)
  The ghost of Sopaerr the Warrior, a journeyman MiBe of Trog (Snake:4)
  An eleionoma (Swamp:4)
  A bunyip (Swamp:4)
  2 hydras
  An anaconda (Snake:1)
  A two-headed ogre (D:12)
  A death yak (D:8)
  A naga warrior (Snake:4)
  2 orc high priests (Orc:2)
  A salamander (Snake:3)
  A moth of wrath (Snake:4)
  4 elephants (Lair:2)
  A naga mage (Snake:1)
  Psyche (D:8)
  A komodo dragon (Lair:2)
  A basilisk (D:12)
  A steam dragon (D:9)
  3 vampire mosquitoes (Lair:2)
  2 swamp worm simulacra (Swamp:4)
  4 nagas
  A water moccasin (Lair:2)
  A black bear (Lair:2)
  4 orc warriors (Orc:2)
  An ogre (Orc:2)
  A wight (D:9)
  2 killer bees (D:9)
  An orc priest (Orc:2)
  2 orc wizards (Orc:2)
  3 orcs (Orc:2)
47 creatures vanquished.

Vanquished Creatures (others)
  An eleionoma (Swamp:1)
  A naga warrior (Snake:3)
  A bloated husk (Swamp:1)
  A naga (Snake:3)
  A howler monkey (D:9)
  An orc (D:7)
  12 foxfires
  29 spectral weapons
47 creatures vanquished.

Grand Total: 1188 creatures vanquished

Notes
Turn   | Place    | Note
-------+----------+-------------------------------------------
     0 | D:1      | Gormless the Hill Orc Monk began the quest for the Orb.
     0 | D:1      | Reached XP level 1. HP: 19/19 MP: 1/1
   108 | D:1      | Reached XP level 2. HP: 27/27 MP: 2/2
   439 | D:1      | Reached skill level 1 in Invocations
   655 | D:1      | Reached skill level 1 in Shields
   655 | D:1      | Reached XP level 3. HP: 33/33 MP: 3/3
   690 | D:1      | Found a faded altar of an unknown god.
   820 | D:2      | Reached skill level 1 in Armour
  1538 | D:3      | Reached XP level 4. HP: 24/40 MP: 5/5
  1716 | D:3      | Reached skill level 5 in Axes
  1883 | D:3      | Reached skill level 2 in Invocations
  1934 | D:3      | Found a runed translucent gate.
  1934 | D:3      | Found a runed translucent gate.
  1934 | D:3      | Found a runed translucent gate.
  1947 | D:3      | Reached XP level 5. HP: 46/46 MP: 6/6
  2302 | D:3      | Noticed a phantom
  2308 | D:3      | Killed a phantom
  2340 | D:3      | Noticed Gormless's ghost (amateur FeCK)
  2429 | D:4      | Reached XP level 6. HP: 51/53 MP: 7/7
  2480 | D:4      | Noticed Sigmund
  2493 | D:4      | Killed Sigmund
  2494 | D:4      | Reached skill level 3 in Invocations
  2528 | D:4      | Reached XP level 7. HP: 60/60 MP: 9/9
  2535 | D:4      | Reached skill level 5 in Fighting
  2702 | D:3      | You fall into a shaft and drop 3 floors!
  2707 | D:5      | Entered Level 5 of the Dungeon
  2741 | D:5      | Found a staircase to the Ecumenical Temple.
  2748 | Temple   | Entered the Ecumenical Temple
  2763 | Temple   | Became a worshipper of Qazlal Stormbringer
  2763 | Temple   | Reached * piety under Qazlal
  2763 | Temple   | Reached ** piety under Qazlal
  3007 | D:4      | Found The Oracle's Delphic Readings.
  3112 | D:4      | Reached skill level 4 in Invocations
  3443 | D:4      | Reached XP level 8. HP: 30/69 MP: 11/11
  4356 | D:5      | Noticed Edmund
  4360 | D:5      | Killed Edmund
  5067 | D:6      | Reached skill level 5 in Invocations
  5654 | D:6      | Reached XP level 9. HP: 75/78 MP: 11/13
  5770 | D:6      | Found a runed translucent gate.
  5770 | D:6      | Found a runed translucent gate.
  5770 | D:6      | Found a runed translucent gate.
  5777 | D:6      | Noticed mandarbmax's ghost (novice TeHu)
  5777 | D:6      | Noticed Stellion's ghost (novice HuBr)
  6052 | D:5      | Reached skill level 5 in Armour
  6144 | D:5      | Reached *** piety under Qazlal
  6721 | D:7      | Reached skill level 10 in Axes
  6721 | D:7      | Reached skill level 5 in Shields
  6721 | D:7      | Reached skill level 6 in Invocations
  6984 | D:7      | Found a flagged portal.
  7004 | Bailey   | Entered a bailey
  7230 | Bailey   | Reached skill level 7 in Invocations
  7230 | Bailey   | Reached XP level 10. HP: 76/88 MP: 15/15
  7234 | Bailey   | Noticed a two-headed ogre
  7241 | Bailey   | Reached **** piety under Qazlal
  7249 | Bailey   | Killed a two-headed ogre
  7851 | D:7      | Found Syll's Magic Scroll Shoppe.
  8358 | D:8      | Noticed Psyche
  8361 | D:8      | Killed Psyche
  8545 | D:8      | Reached skill level 8 in Invocations
  8639 | D:8      | Found a basalt altar of Yredelemnul.
  8847 | D:8      | Noticed a death yak
  8847 | D:8      | Noticed a death yak
  8847 | D:8      | Noticed a death yak
  8873 | D:8      | Killed a death yak
  8874 | D:8      | Killed a death yak
  8875 | D:8      | Reached XP level 11. HP: 45/97 MP: 11/17
  9060 | D:8      | Killed a death yak
  9067 | D:8      | Found a staircase to the Lair.
  9700 | D:9      | Reached skill level 9 in Invocations
  9937 | D:9      | Found Pedi Peewu's Jewellery Emporium.
 10102 | D:10     | Entered Level 10 of the Dungeon
 10116 | D:10     | Reached ***** piety under Qazlal
 10914 | D:11     | Found Haxede's Magic Scroll Boutique.
 11142 | D:11     | Noticed Maurice
 11149 | D:11     | Something stole a ring of wizardry
 11158 | D:11     | Killed Maurice
 11274 | D:11     | Reached skill level 10 in Fighting
 11611 | D:11     | Identified the maw talisman of Grace {Dex+5}
 11660 | D:11     | Reached XP level 12. HP: 106/106 MP: 19/19
 12025 | D:12     | Found a staircase to the Orcish Mines.
 12050 | D:12     | Found a roughly hewn altar of Beogh.
 12054 | D:12     | Reached skill level 10 in Invocations
 12055 | D:12     | Reached skill level 15 in Axes
 12114 | D:12     | Noticed a two-headed ogre
 12122 | D:12     | Killed a two-headed ogre
 12367 | D:12     | Noticed a boulder beetle
 12395 | D:12     | Killed a boulder beetle
 12905 | D:12     | Noticed a two-headed ogre
 12917 | D:12     | Killed a two-headed ogre
 13238 | D:12     | Found a bloodstained altar of Trog.
 13307 | D:12     | Identified a scroll of acquirement
 13307 | D:12     | Acquired a +4 broad axe of flaming
 13355 | Gauntlet | Identified the "Onufiyss"
 13355 | Orc:1    | Entered Level 1 of the Orcish Mines
 13585 | Orc:2    | Entered Level 2 of the Orcish Mines
 13586 | Orc:2    | Noticed an orc high priest
 13591 | Orc:2    | Noticed an orc warlord
 13603 | Orc:2    | Killed an orc high priest
 13606 | Orc:2    | Killed an orc warlord
 13879 | Orc:2    | Identified the +3 chain mail of Distant Shores {Drain rF+
                  | rC+}
 13879 | Orc:2    | Noticed an orc warlord
 13887 | Orc:2    | Noticed arvidsem's ghost (journeyman VSBr)
 14015 | Orc:2    | Reached skill level 11 in Invocations
 14113 | Orc:2    | Noticed an orc high priest
 14121 | Orc:2    | Killed an orc high priest
 14184 | Orc:2    | Noticed an orc high priest
 14185 | Orc:2    | Noticed an orc high priest
 14188 | Orc:2    | Reached XP level 13. HP: 102/116 MP: 21/21
 14192 | Orc:2    | Paralysed by an orc sorcerer for 3 turns
 14204 | Orc:2    | Reached skill level 10 in Armour
 14209 | Orc:2    | Found Jeigeadela's General Store.
 14209 | Orc:2    | Found Luwiev's Antique Weapon Shoppe.
 14374 | Orc:2    | Found Vuteesch's Antique Weapon Shop.
 14374 | Orc:2    | Found Xaatobazua's Antique Armour Shoppe.
 14419 | Orc:2    | Found a staircase to the Elven Halls.
 14511 | Orc:2    | Found a runed translucent gate.
 14511 | Orc:2    | Found a runed translucent gate.
 14511 | Orc:2    | Found a runed translucent gate.
 14519 | Orc:2    | Identified the +1 sling of Subterfuge {heavy, Dex+6}
 14538 | Orc:2    | Found a roughly hewn altar of Beogh.
 14603 | Orc:2    | Killed an orc warlord
 14800 | Orc:2    | Killed arvidsem's ghost
 15027 | Orc:2    | Identified the +0 hat of Valiance {Harm rN+ Str+3 Dex-3}
 15063 | Orc:1    | Noticed an orc warlord
 15089 | Orc:1    | Killed an orc warlord
 15097 | Orc:1    | Reached skill level 10 in Shields
 15592 | Orc:1    | Reached skill level 12 in Invocations
 15776 | Orc:1    | Found a roughly hewn altar of Beogh.
 15977 | Lair:1   | Entered Level 1 of the Lair of Beasts
 16033 | Lair:1   | Found a gate leading to a gauntlet.
 16059 | Gauntlet | Entered a Gauntlet
 16059 | Gauntlet | Found a runed translucent gate.
 16059 | Gauntlet | Found a transporter.
 16059 | Gauntlet | Found a runed translucent gate.
 16059 | Gauntlet | Found a runed translucent gate.
 16059 | Gauntlet | Found a transporter.
 16105 | Gauntlet | Found a transporter.
 16109 | Gauntlet | Found a transporter.
 16117 | Gauntlet | Found a transporter.
 16121 | Gauntlet | Found a transporter.
 16125 | Gauntlet | Found a runed translucent door.
 16125 | Gauntlet | Found a runed translucent door.
 16129 | Gauntlet | Found a transporter.
 16146 | Gauntlet | Found a transporter.
 16164 | Gauntlet | Found a transporter.
 16165 | Gauntlet | Found a transporter.
 16173 | Gauntlet | Found a transporter.
 16201 | Gauntlet | Found a transporter.
 16470 | Gauntlet | Identified the -1 cloak "Fodd" {rF+ Will+}
 16494 | Gauntlet | Identified the +0 rapier of Ritzugg {spect, Contam rPois
                  | Will+++ MP+9}
 16494 | Gauntlet | Identified the +3 leather armour of Greed {rElec rF+ rN+}
 16494 | Gauntlet | Noticed a minotaur
 16500 | Gauntlet | Killed a minotaur
 16501 | Gauntlet | Reached XP level 14. HP: 103/127 MP: 23/23
 16559 | Gauntlet | Identified the staff of Trauma {rF+ rCorr Fire}
 16623 | Lair:1   | Noticed Harold
 16632 | Lair:1   | Killed Harold
 16679 | Lair:1   | Reached ****** piety under Qazlal
 17261 | Lair:2   | Reached skill level 13 in Invocations
 17663 | Lair:2   | Found a staircase to the Swamp.
 18321 | Lair:2   | Found a runed translucent door.
 18468 | Lair:2   | Found a runed translucent gate.
 18470 | Lair:2   | Found a runed translucent gate.
 18471 | Lair:2   | Found a runed translucent gate.
 18471 | Lair:2   | Found a runed translucent gate.
 18471 | Lair:2   | Found a runed translucent gate.
 18473 | Lair:2   | Found a runed translucent gate.
 18570 | Lair:2   | Identified the ring of Wonupoaz {Contam Will+ Int+7}
 18605 | Lair:3   | Noticed Amaemon
 18615 | Lair:3   | Killed Amaemon
 18621 | Lair:3   | Reached skill level 14 in Invocations
 18696 | Lair:3   | Reached XP level 15. HP: 106/138 MP: 25/25
 18906 | Lair:3   | Found a staircase to the Snake Pit.
 20243 | Lair:4   | Found a staircase to the Slime Pits.
 20244 | Lair:4   | Found a viscous altar of Jiyva.
 20486 | Lair:5   | Entered Level 5 of the Lair of Beasts
 20503 | Lair:5   | Reached skill level 15 in Invocations
 20916 | Lair:5   | Reached skill level 15 in Fighting
 21262 | Lair:5   | Identified the +6 battleaxe of Conformity {freeze, rF+}
 21450 | Lair:5   | Found a transporter.
 21453 | Lair:5   | Noticed ragingrage's ghost (journeyman TrMo)
 21743 | Lair:5   | Found a transporter.
 21760 | Lair:5   | Killed ragingrage's ghost
 22027 | D:13     | Found a gate to the Vaults.
 22132 | D:13     | Reached XP level 16. HP: 149/149 MP: 27/27
 22240 | D:13     | Found a hide-covered altar of Uskayaw.
 22342 | D:13     | Noticed Nessos
 22359 | D:13     | Reached skill level 16 in Invocations
 22371 | D:13     | Killed Nessos
 22478 | D:13     | Found a roughly hewn altar of Beogh.
 23698 | D:15     | Entered Level 15 of the Dungeon
 23711 | D:15     | Found a shimmering blue altar of Sif Muna.
 24036 | D:15     | Found Sofos's Antique Weapon Shop.
 24405 | D:15     | Found a staircase to the Depths.
 25132 | Snake:1  | Entered Level 1 of the Snake Pit
 25398 | Snake:1  | Found Kaontyug's Distillery.
 25405 | Snake:1  | Found Ighiqaun's Antique Weapon Emporium.
 25405 | Snake:1  | Found Cuppaud's General Store.
 25512 | Snake:1  | Found Ebloliu's Assorted Antiques.
 25563 | Snake:1  | Found a radiant altar of Vehumet.
 25698 | Snake:1  | Reached skill level 17 in Invocations
 26240 | Snake:2  | Found Ceteng's Antique Weapon Shoppe.
 26268 | Snake:2  | Found Rusem's Magic Scroll Shoppe.
 26347 | Snake:2  | Noticed a nagaraja
 26355 | Snake:2  | Killed a nagaraja
 26356 | Snake:2  | Reached skill level 15 in Armour
 26604 | Snake:2  | Reached XP level 17. HP: 143/160 MP: 29/29
 26919 | Snake:2  | Reached skill level 15 in Shields
 27520 | Snake:3  | Reached skill level 18 in Invocations
 28280 | Snake:4  | Entered Level 4 of the Snake Pit
 28944 | Snake:4  | Reached XP level 18. HP: 171/171 MP: 31/31
 29097 | Snake:4  | Found a transporter.
 29099 | Snake:4  | Found a transporter.
 29099 | Snake:4  | Noticed Sopaerr's ghost (journeyman MiBe)
 29105 | Snake:4  | Found a bloodstained altar of Trog.
 29766 | Snake:4  | Reached skill level 19 in Invocations
 30089 | Snake:4  | Got a serpentine rune of Zot
 30409 | Snake:4  | Killed Sopaerr's ghost
 30628 | Snake:4  | Identified the ring "Etilearr" {*Slow rC+ MP+9 Int+2 Dex+6}
 30784 | Swamp:1  | Entered Level 1 of the Swamp
 32667 | Vaults:1 | Entered Level 1 of the Vaults
 33020 | Vaults:1 | Noticed Norris
 34090 | Swamp:3  | Reached XP level 19. HP: 171/182 MP: 32/32
 34341 | Swamp:3  | Reached skill level 20 in Invocations
 34510 | Swamp:4  | Entered Level 4 of the Swamp
 35066 | Swamp:4  | Identified the +1 pair of boots of Wasted Space {+Inv rElec
                  | Str-3 Int+3}
 35703 | Swamp:4  | Got a decaying rune of Zot
 36325 | Vaults:1 | HP: 7/183 [Norris/+0 great sword of electrocution (8)]
 36326 | Vaults:1 | Quit the game

Illustrated notes

Levels and vault maps discovered:
D:1:      roadster_arrival_rocket_large, layout_basic, basic_ecumenical_altar
D:2:      layout_loops_ring, chequers_jeans
D:3:      minmay_angry_zag, layout_loops_ring, gammafunk_ghost_necromancy
D:4:      layout_loops_ring, nicolae_nh_oracle_at_delphi, uniq_sigmund
D:5:      layout_gridville, minmay_temple_entry_tees, lightli_minifort,
          uniq_edmund
D:6:      layout_cave_pods, gammafunk_ghost_cemetery
D:7:      cheibrodos_steamvent, layout_loops_corners, serial_shops, shop,
          enter_bailey_3, nicolae_figureground_sparkle
D:8:      layout_gridville, lemuel_mausoleum_altar_yredelemnul,
          dpeg_lair_monsters, uniq_psyche
D:9:      layout_rooms, serial_shops, nicolae_shop_behind_doors,
          minmay_statues_item, st_stairs_1
D:10:     layout_cave_pods
D:11:     layout_irregular_city, serial_shops, shop, uniq_maurice
D:12:     layout_grid_maze, minmay_orc_entry_temple_small, trog_butcher_becter
D:13:     layout_roguey [special_room_orc], david_vaults_2,
          nicolae_uskayaw_murder_on_the_dancefloor, uniq_nessos
D:14:     kennysheep_blocky_room, layout_gridville, amethyst_killhole
D:15:     hangedman_depths_entry_civil_slaughter, layout_stronghold,
          serial_shops, nicolae_shop_crystal, nicolae_sif_muna_condensation
Temple:   compressed_dpeg_triangle_lava_temple
Lair:1:   layout_regular_city, gauntlet_entry_generic,
          nicolae_quartered_pool_super, lemuel_fruit_fields, uniq_harold
Lair:2:   gammafunk_indiana_jones, layout_regular_city,
          skrybe_swamp_entry_bodies, portal_ice_cave_entry_ice_simulacra, pond,
          serial_bayou_shore_a
Lair:3:   layout_regular_city, minmay_snake_entry_guardpost_medium, uniq_amaemon
Lair:4:   layout_roguey, slime_entry_1
Lair:5:   evilmike_catoblepas_cave, layout_misc_corridors, gammafunk_ghost_hive
Swamp:1:  layout_basic_swamp, serial_swamp_ruin, evilmike_swamp_ruin_house_2,
          evilmike_swamp_ruin_house_4, evilmike_swamp_ruin_wall
Swamp:2:  layout_basic_swamp, evilmike_swamp_ruin_rubble_2, ldierk_geyser,
          swamp_pool1, infiniplex_staircase_pool
Swamp:3:  layout_basic_swamp, evilmike_swamp_ruin_rubble_1, swamp_pool1,
          hangedman_swamp_cone
Swamp:4:  swamp_icy, layout_basic_swamp, swamp_pool1, hangedman_swamp_pad
Snake:1:  layout_grid_shapes, basic_altar, serial_bayou_pond_a,
          grunt_ministairs_3, minmay_shoptagon
Snake:2:  hangedman_cross_veins, layout_grid_shapes, minmay_shop_star
Snake:3:  layout_rooms, nicolae_snake_mages_go_home
Snake:4:  snake_pit_salamanders_mu, layout_cave_town,
          gammafunk_ghost_wrathful_warriors
Orc:1:    layout_caves, special_room [special_room_orc]
Orc:2:    grunt_orc_tribal_feast, layout_caves, biasface_ghost_orc_armoury
Vaults:1: vaults_room_door_hall, vaults_room_octagon, hangedman_vaults_pinch,
          nicolae_vaults_house_1, gammafunk_dig_for_victory, v_misc_4,
          ontoclasm_vaults_decontamination, nicolae_vaults_heart-shaped_vault,
          grunt_vaults_focal, grunt_vaults_diagonal, nicolae_vaults_trapezoid_2,
          layout_vaults_omnibox, uniq_norris

Skill      XL: |  1  2  3  4  5  6  7  8  9 10 11 12 13 14 15 16 17 18 19 |
---------------+----------------------------------------------------------+-----
Invocations    | 1 2 3 4 5 7 8 9 11 12 14 15 17 18 19 20 | 20.4
Shields        | 1 2 3 4 5 7 8 9 10 12 13 14 16 17 | 17.5
Armour         | 1 2 3 4 6 7 8 9 10 12 13 15 16 17 | 17.6
Fighting       | 4 5 6 7 9 10 11 12 14 15 16 17 19 | 19.4
Axes           | 5 6 7 9 11 13 14 16 18 | 18.0
Dodging        | |  2.4

Action                     |  1- 3 |  4- 6 |  7- 9 | 10-12 | 13-15 | 16-18 | 19-21 || total
---------------------------+-------+-------+-------+-------+-------+-------+-------++-------
  Melee: Hand axe          |    81 |    10 |       |       |       |       |       ||    91
         War axe           |       |    76 |   275 |   538 |       |       |       ||   889
         Broad axe         |       |       |       |   117 |   793 |   935 |   159 ||  2004
         Demon whip        |       |       |       |       |    33 |       |       ||    33
 Invoke: Elemental Force   |       |       |       |     5 |     3 |     7 |     2 ||    17
         Upheaval          |       |       |       |     1 |     1 |       |       ||     2
         Disaster Area     |       |       |       |     1 |     2 |     2 |       ||     5
    Use: Potion            |       |       |     4 |     2 |     1 |     6 |     2 ||    15
         Scroll            |       |       |    17 |    10 |     7 |    11 |     1 ||    46
   Stab: Paralysed         |       |       |       |     3 |       |     6 |     2 ||    11
         Held in net/web   |       |       |       |       |     2 |       |       ||     2
         Distracted        |       |       |       |       |     8 |    16 |     5 ||    29
 Armour: Robe              |    25 |       |       |       |       |       |       ||    25
         Scale mail        |    13 |    41 |    77 |       |       |       |       ||   131
         Chain mail        |       |       |   170 |    16 |       |       |       ||   186
         Swamp dragon scal |       |       |       |   208 |   266 |   388 |    77 ||   939
  Dodge: Dodged            |    36 |    38 |   111 |   129 |   110 |   142 |    22 ||   588
         Repelled          |       |       |       |     5 |     2 |    12 |       ||    19
  Block: Orb               |     9 |    17 |   115 |       |       |       |       ||   141
         Reflection        |     2 |       |     1 |    19 |    29 |   117 |     7 ||   175
         Kite shield       |       |       |    27 |   581 |    85 |       |       ||   693
         Tower shield      |       |       |       |       |   641 |  1087 |   146 ||  1874

Table legend: (Time is in decaauts)
 A = Elapsed time spent in this place.
 B = Non-inter-level travel time spent in this place.
 C = Inter-level travel time spent in this place.
 D = Time resting spent in this place.
 E = Time spent auto-exploring this place.
 F = Levels seen in this place.
 G = Mean time per level.
                   A        B        C        D        E       F      G
               +--------+--------+--------+--------+--------+-----+--------+
         Total |  36373 |  33980 |   2393 |    432 |  27836 |  34 | 1069.8 |
       Dungeon |  16448 |  15099 |   1349 |    432 |  12375 |  15 | 1096.5 |
        Temple |     30 |     16 |     14 |      0 |      0 |   1 |   30.0 |
          Lair |   6559 |   6032 |    527 |      0 |   5090 |   5 | 1311.8 |
         Swamp |   3998 |   3815 |    183 |      0 |   3190 |   4 |  999.5 |
     Snake Pit |   5361 |   5189 |    172 |      0 |   4234 |   4 | 1340.2 |
  Orcish Mines |   2463 |   2319 |    144 |      0 |   1878 |   2 | 1231.5 |
        Vaults |    415 |    413 |      2 |      0 |    321 |   1 |  415.0 |
        Bailey |    571 |    571 |      0 |      0 |    382 |   1 |  571.0 |
      Gauntlet |    525 |    525 |      0 |      0 |    365 |   1 |  525.0 |
               +--------+--------+--------+--------+--------+-----+--------+

Top non-repeatable levels by time:
 Snake:4: 2383 daAuts
  Lair:2: 2035 daAuts
    D:12: 1624 daAuts
     D:4: 1622 daAuts
   Orc:2: 1618 daAuts
 Swamp:4: 1507 daAuts
     D:8: 1480 daAuts
     D:6: 1349 daAuts
  Lair:5: 1347 daAuts
 Snake:2: 1278 daAuts
    D:15: 1217 daAuts
     D:7: 1154 daAuts
  Lair:3: 1109 daAuts
  Lair:1: 1085 daAuts
     D:5: 1083 daAuts
